 Dungeon Crawl Stone Soup version 0.23.2-1-ga50397a (webtiles) character file.

Game seed: 11877672215217455467

6786 schauveau the Markscentaur (level 10, -15/90 HPs)
             Began as a Centaur Hunter on Apr 25, 2019.
             Was an Elder of Okawaru.
             Shot with an arrow by Nessos (18 damage)
             ... on level 12 of the Dungeon.
             The game lasted 00:22:50 (12857 turns).

schauveau the Markscentaur (Centaur Hunter)        Turns: 12857, Time: 00:22:51

Health: -15/90     AC: 14    Str: 17    XL:     10   Next: 76%
Magic:  8/10       EV: 10    Int: 10    God:    Okawaru [****..]
Gold:   69         SH:  0    Dex: 11    Spells: 9/9 levels left

rFire    . . .     SeeInvis .   a - +1 shortbow
rCold    . . .     Gourm    .   (shield currently unavailable)
rNeg     . . .     Faith    .   c - +0 leather armour
rPois    .         Spirit   .   l - +1 helmet
rElec    .         Reflect  .   (no cloak)
rCorr    .         Harm     .   (no gloves)
MR       .....                  j - +2 centaur barding
Stlth    ++........             (no amulet)
HPRegen  0.25/turn              (no ring)
MPRegen  0.12/turn              (no ring)

@: lethally poisoned (-15 -> -34), heroism, very slightly contaminated, very
quick
A: large, hooves 3, deformed body, speed 2, tough skin 3
a: Heroism, Renounce Religion


You were on level 12 of the Dungeon.
You worshipped Okawaru.
Okawaru was greatly pleased with you.
You were not hungry.

You visited 2 branches of the dungeon, and saw 12 of its levels.

You collected 448 gold pieces.
You spent 379 gold pieces at shops.

Inventory:

Hand Weapons
 a - a +1 shortbow (weapon)
 b - the +7 morningstar "Jisko" {drain, rN+ MR++ Dex-2}
   (You found it on level 9 of the Dungeon)

   A truly terrible weapon, it drains the life of those it strikes.
   It affects your dexterity (-2).
   It protects you from negative energy.
   It affects your resistance to hostile enchantments.
 r - a +2 quarterstaff of speed
 u - a +0 short sword
 B - a +0 halberd
Missiles
 d - 103 arrows (quivered)
 h - 304 stones
 i - 102 bolts
 k - 54 poisoned needles
 p - 2 throwing nets
 v - 5 curare-tipped needles
Armour
 c - a +0 leather armour (worn)
 j - a +2 centaur barding (worn)
 l - a +1 helmet (worn)
Scrolls
 e - a scroll of immolation
 g - 2 scrolls of identify
 n - 3 scrolls of enchant armour
 o - 2 scrolls of random uselessness
 q - 7 scrolls of remove curse
 t - a scroll of fog
 w - a scroll of amnesia
 y - a scroll of blinking
Potions
 m - 2 potions of curing
 s - 2 potions of magic
 x - 2 potions of agility {unknown}
 C - a potion of flight
Comestibles
 f - 11 rations


   Skills:
 + Level 8.4(13.4) Fighting
 + Level 4.1(9.1) Polearms
 - Level 17.0(22.0) Bows
 - Level 1.3(6.3) Dodging
 - Level 0.4(5.4) Stealth


You had 9 spell levels left.
You didn't know any spells.
Your spell library was empty.

Dungeon Overview and Level Annotations

Branches:
Dungeon (10/15)            Temple (1/1) D:6
   Lair: D:8-11         Orc: D:9-12

Altars:
Ashenzari
Cheibriados
Dithmenos
Elyvilon
Fedhas
Gozag
Hepliaklqana
Kikubaaqudgha
Makhleb
Nemelex Xobeh
Okawaru
Qazlal
Ru
Sif Muna
Trog
Uskayaw
Vehumet
Wu Jian
Xom
Yredelemnul
Zin
The Shining One

Shops:
D:7 !   D:8 (   D:9 *

Annotations:
D:9 4 runed translucent doors
D:12 Nessos


Innate Abilities, Weirdness & Mutations

You have hooves in place of feet.
Armour fits poorly on your strangely shaped body.
You cover ground very quickly.
You have extremely tough skin. (AC +3)


Message History

Nessos is moderately wounded.
You feel sick.
Nessos shoots an arrow.
The arrow hits you!
* * * LOW HITPOINT WARNING * * *
The arrow burns you.
* * * LOW HITPOINT WARNING * * *
Firing (i - inventory. (/) - cycle)
d - 104 arrows (quivered)
Press: ? - help, Shift-Dir - straight line, f/p - Nessos
Aim: Nessos, wielding a +3 longbow of flaming and wearing a +0 centaur barding (moderately wounded, fast, lightly drained)
You shoot an arrow. The arrow hits Nessos!
Nessos is moderately wounded.
You feel sick.
Nessos blinks!
You feel better.
Nessos shoots an arrow.
The arrow hits you!!
* * * LOW HITPOINT WARNING * * *
The arrow burns you.
You are lethally poisoned!
* * * LOW HITPOINT WARNING * * *
Nessos blinks!
* * * LOW HITPOINT WARNING * * *
You feel sick.
Nessos shoots an arrow.
The arrow hits you!!
You die...

##########..#....#
.........#..#c§..#
...###...#..#.(#.#
.........#..#....#
.........##'#....#
..#####..........#
..#...#.##.......#
..#...#.....####(#
#.'...#.....####@#
..#..##..........#
###.)#####.......#
#......#...(##.#
#......#.......#
#......#.......#
######..#.......#
#....####.......#
#.##.#..#....#..#


You could see Nessos.

Vanquished Creatures
  Pikel (D:6)
  A hornet (D:8)
  4 hippogriffs
  A soldier ant (D:12)
  7 orc warriors
  5 ice beasts
  A sky beast (D:7)
  2 black bears (D:7)
  2 phantoms
  An eye of draining (D:9)
  A slave (D:5)
  8 ogres
  6 centaurs
  4 necrophages (D:9)
  A big kobold (D:9)
  3 bullfrogs
  A wyvern zombie (D:9)
  4 killer bees (D:9)
  A wight (D:9)
  2 howler monkeys
  4 crimson imps
  A bullfrog zombie (D:5)
  A centaur zombie (D:9)
  A jelly (D:6)
  A centaur skeleton (D:5)
  2 hounds
  3 orc priests (D:8)
  3 bullfrog skeletons
  A gnoll shaman (D:9)
  7 orc wizards
  3 iguanas
  12 worker ants
  A killer bee zombie (D:7)
  2 hound zombies
  A mummy (D:9)
  A worker ant zombie (D:6)
  13 gnolls
  8 adders
  2 shadow imps
  4 oozes
  An adder zombie (D:6)
  2 adder skeletons
  5 worms
  3 dart slugs (D:1)
  9 leopard geckos
  30 orcs
  4 ball pythons
  9 bats
  5 giant cockroaches
  9 hobgoblins
  10 jackals
  17 kobolds
  8 quokkas
  9 frilled lizards
  2 goblins (D:2)
  3 quokka zombies
  11 rats
264 creatures vanquished.

Vanquished Creatures (others)
  A fungus (D:10)
1 creature vanquished.

Grand Total: 265 creatures vanquished

Notes
Turn   | Place    | Note
-------+----------+-------------------------------------------
     0 | D:1      | schauveau the Centaur Hunter began the quest for the Orb.
     0 | D:1      | Reached XP level 1. HP: 17/17 MP: 1/1
    51 | D:1      | Reached XP level 2. HP: 11/24 MP: 2/2
    79 | D:1      | Reached skill level 6 in Bows
   620 | D:2      | Reached XP level 3. HP: 7/29 MP: 3/3
   979 | D:2      | Reached skill level 7 in Bows
  1020 | D:2      | Reached XP level 4. HP: 8/36 MP: 4/4
  1601 | D:4      | Reached skill level 8 in Bows
  1905 | D:4      | Reached XP level 5. HP: 24/41 MP: 5/5
  1928 | D:5      | Entered Level 5 of the Dungeon
  1937 | D:5      | Found a glowing golden altar of the Shining One.
  2136 | D:4      | Reached skill level 9 in Bows
  2459 | D:4      | Noticed an ogre
  2490 | D:4      | Killed an ogre
  2490 | D:4      | Reached XP level 6. HP: 47/48 MP: 6/6
  2603 | D:4      | HP: 3/72 [poisoned by a worker ant]
  2611 | D:4      | HP: 3/72 [poisoned by a worker ant]
  3320 | D:4      | Reached skill level 10 in Bows
  3630 | D:6      | Noticed a slave
  3630 | D:6      | Noticed a slave
  3630 | D:6      | Noticed a slave
  3632 | D:6      | Noticed a slave
  3634 | D:6      | Noticed Pikel
  3668 | D:5      | Killed a slave
  4029 | D:5      | Reached skill level 11 in Bows
  4029 | D:5      | Reached XP level 7. HP: 36/55 MP: 7/7
  4715 | D:5      | Reached skill level 12 in Bows
  5314 | D:6      | Reached XP level 8. HP: 62/62 MP: 8/8
  5368 | D:6      | Killed Pikel
  5368 | D:6      | Reached skill level 13 in Bows
  5512 | D:6      | Found a sparkling altar of Nemelex Xobeh.
  5791 | D:6      | Reached skill level 14 in Bows
  5976 | D:6      | Found a staircase to the Ecumenical Temple.
  5985 | Temple   | Entered the Ecumenical Temple
  6178 | Temple   | Became a worshipper of Warmaster Okawaru
  6552 | D:2      | Found a burning altar of Makhleb.
  7806 | D:7      | Reached skill level 5 in Fighting
  7806 | D:7      | Reached XP level 9. HP: 54/74 MP: 9/9
  7831 | D:7      | Found a basalt altar of Yredelemnul.
  7869 | D:7      | Found Riadd's Distillery.
  7875 | D:7      | Bought a potion of heal wounds for 65 gold pieces
  7875 | D:7      | Bought a potion of heal wounds for 65 gold pieces
  7875 | D:7      | Bought 2 potions of curing for 78 gold pieces
  7917 | D:7      | Found a bloodstained altar of Trog.
  8442 | D:8      | Found Guesukeuly's Antique Weapon Boutique.
  8515 | D:8      | Reached skill level 15 in Bows
  8586 | D:8      | Reached * piety under Okawaru
  9164 | D:8      | Reached ** piety under Okawaru
  9164 | D:8      | Reached skill level 16 in Bows
  9988 | D:8      | Reached XP level 10. HP: 66/86 MP: 10/10
 10034 | D:8      | Found a sacrificial altar of Ru.
 10054 | D:8      | Reached skill level 1 in Polearms
 10776 | D:9      | Reached *** piety under Okawaru
 11138 | D:9      | Found a large runed translucent door.
 11138 | D:9      | Found a large runed translucent door.
 11333 | D:9      | Found a large runed translucent door.
 11334 | D:9      | Found a large runed translucent door.
 11379 | D:9      | Got a warped morningstar
 11422 | D:9      | Identified the +7 morningstar "Jisko" {drain, rN+ MR++
                  | Dex-2} (You found it on level 9 of the Dungeon)
 11451 | D:9      | Found Lasick's General Store.
 11467 | D:9      | Bought a scroll of identify for 24 gold pieces
 11467 | D:9      | Bought a scroll of blinking for 90 gold pieces
 11467 | D:9      | Bought a scroll of identify for 24 gold pieces
 11467 | D:9      | Bought 14 arrows for 33 gold pieces
 11515 | D:9      | Reached skill level 17 in Bows
 11928 | D:10     | Entered Level 10 of the Dungeon
 11928 | D:10     | Found a shimmering altar of Xom.
 12251 | D:9      | Reached **** piety under Okawaru
 12568 | D:10     | You fall through a shaft for 2 floors!
 12831 | D:12     | Noticed Nessos
 12857 | D:12     | HP: 3/90 [poisoned by Nessos]
 12857 | D:12     | Shot with an arrow by Nessos

Skill      XL: |  1  2  3  4  5  6  7  8  9 10 |
---------------+-------------------------------+-----
Bows           | 6 7 8 9 11 12 14 16 17 | 17.0
Fighting       | 5 7 8 |  8.4
Polearms       | 4 |  4.1
Dodging        | |  1.3
Stealth        | |  0.4

Action                   |  1- 3 |  4- 6 |  7- 9 | 10-12 || total
-------------------------+-------+-------+-------+-------++-------
Melee: Short sword       |    71 |   185 |    37 |       ||   293
       Kick              |    13 |    41 |    34 |    10 ||    98
       Halberd           |       |       |   143 |    36 ||   179
       Morningstar       |       |       |       |    22 ||    22
 Fire: Shortbow          |     8 |    67 |   384 |   296 ||   755
Invok: Heroism           |       |       |       |     1 ||     1
  Use: Potion            |       |     6 |       |     3 ||     9
       Scroll            |       |       |     4 |     6 ||    10
  Eat: Ration            |       |     2 |     1 |     2 ||     5
       Chunk             |       |     4 |     9 |     1 ||    14
Armor: Leather armour    |    28 |    75 |   161 |   103 ||   367
       Skin              |       |    49 |       |       ||    49
Dodge: Dodged            |    29 |    99 |    93 |    71 ||   292
